 Dungeon Crawl Stone Soup version 0.23.3-3-gaaff5abdbf (webtiles) character file.

Game seed: 13285572550843218017

106 MordorOrchid the Stinger (level 4, -3/28 HPs)
             Began as an Octopode Venom Mage on June 6, 2020.
             Slain by a gnoll
             ... wielding a +0 spear
              (12 damage)
             ... on level 3 of the Dungeon.
             The game lasted 00:08:38 (1186 turns).

MordorOrchid the Stinger (Octopode Venom Mage)      Turns: 1186, Time: 00:08:39

Health: -3/28      AC:  1    Str:  7    XL:     4   Next: 84%
Magic:  2/7        EV: 13    Int: 18    God:
Gold:   141        SH:  0    Dex: 12    Spells: 2/8 levels left

rFire    . . .     SeeInvis .   y - +0 dagger (curse)
rCold    . . .     Gourm    .   (no shield)
rNeg     . . .     Faith    .   (helmet restricted)
rPois    .         Spirit   .   (no amulet)
rElec    .         Reflect  .   (no ring)
rCorr    .         Harm     .   (no ring)
MR       .....                  (no ring)
Stlth    +++.......             (no ring)
HPRegen  0.09/turn              (no ring)
MPRegen  0.10/turn              (no ring)
                                (no ring)
                                (no ring)

@: no status effects
A: almost no armour, stealthy swim, amphibious, 8 rings, constrict 8, camouflage
1, gelatinous body 1
a: no special abilities


You were on level 3 of the Dungeon.
You were not hungry.

You visited 1 branch of the dungeon, and saw 3 of its levels.

You collected 141 gold pieces.

Inventory:

Hand Weapons
 m - a +2 short sword of venom
 y - a cursed +0 dagger (weapon)
Missiles
 d - 17 arrows
 g - 4 stones (quivered)
 j - 9 bolts
 o - 16 sling bullets
Scrolls
 h - a scroll of blinking
 n - 2 scrolls of amnesia
Potions
 a - 2 potions of agility {unknown}
 c - 2 potions of curing {unknown}
 e - a potion of haste {unknown}
 i - a potion of ambrosia {unknown}
 k - a potion of flight {unknown}
 l - a potion of degeneration {unknown}
Comestibles
 b - 4 rations
 f - a chunk of flesh


   Skills:
 * Level 1.3 Fighting
 * Level 2.5 Dodging
 - Level 3.0 Stealth
 + Level 2.5 Spellcasting
 * Level 1.9 Conjurations
 * Level 0.7 Air Magic
 * Level 4.6 Poison Magic


You had 2 spell levels left.
You knew the following spells:

 Your Spells              Type           Power        Failure   Level  Hunger
a - Sting                 Conj/Pois      ##..         4%          1    #......
g - Mephitic Cloud        Conj/Pois/Air  ##......     19%         3    ###....
p - Poisonous Vapours     Pois/Air       ##....       9%          2    ##.....

Your spell library contained the following spells:

 Spells                   Type           Power        Failure   Level  Hunger
 Olgreb's Toxic Radiance  Pois           ###.....     26%         4    #####..
 Venom Bolt               Conj/Pois      ##........   77%         5    ######.


Dungeon Overview and Level Annotations

Branches:
Dungeon (3/15)

Altars:
Gozag
Hepliaklqana
Makhleb
Xom

Annotations:
D:3 Grinder


Innate Abilities, Weirdness & Mutations

You cannot wear most types of armour.
You are very stealthy in the water. (Stealth+)
You are amphibious.
You can wear up to eight rings at the same time.
You can use your tentacles to constrict eight enemies at once.
Your skin changes colour to match your surroundings (Stealth+).
Your rubbery body absorbs attacks. (AC +1, EV +1)


Message History

Okay, then.
A gnoll comes into view. It is wielding a +0 whip.
Found a stone staircase leading up.
The gnoll shouts!
You hear a shout!
A ball python comes into view.
A gnoll comes into view. It is wielding a +0 club.
The ball python hisses angrily.
You hear an angry hiss.
A leopard gecko and 2 gnolls come into view.
The gnoll shouts!
The gnoll throws a stone.
The stone hits you.
The leopard gecko hisses menacingly.
You see here a stone.
The gnoll hits you with a +0 club! The gnoll misses you.
The leopard gecko barely misses you. The ball python bites you.
The ball python closely misses you. The gnoll hits you but does no damage.
There is a stone staircase leading up here.
Unknown command.
The gnoll hits you from afar with a +0 spear!
You die...

.....#####
.........#
.........#
.........#
.........#
.........#
.......l.#
......S@.#
.....ggg.#
.....g...#
####.##(##
###.##.###
#.........#
#.##.##.#.#
#. #.#.#
#.##.#.#


You could see 4 gnolls, a leopard gecko and a ball python.

Vanquished Creatures
  2 orc wizards (D:3)
  A worm (D:2)
  2 dart slugs
  2 orcs (D:3)
  8 bats
  3 giant cockroaches
  8 goblins
  6 hobgoblins
  A ball python (D:2)
  3 frilled lizards
  2 kobolds (D:1)
  7 rats
45 creatures vanquished.

Notes
Turn   | Place    | Note
-------+----------+-------------------------------------------
     0 | D:1      | MordorOrchid the Octopode Venom Mage began the quest for
                  | the Orb.
     0 | D:1      | Reached XP level 1. HP: 11/11 MP: 3/3
    78 | D:1      | Reached XP level 2. HP: 18/18 MP: 0/5
    88 | D:1      | Learned a level 2 spell: Poisonous Vapours
   171 | D:1      | Reached skill level 4 in Poison Magic
   364 | D:1      | Reached XP level 3. HP: 20/22 MP: 3/6
   370 | D:1      | Learned a level 3 spell: Mephitic Cloud
   538 | D:2      | Found a hazy altar of Hepliaklqana.
   672 | D:2      | Reached skill level 1 in Fighting
   677 | D:2      | Found an opulent altar of Gozag.
   964 | D:2      | Found a shimmering altar of Xom.
   964 | D:2      | Found a burning altar of Makhleb.
  1139 | D:3      | Reached XP level 4. HP: 24/28 MP: 2/7
  1173 | D:3      | Noticed Grinder
  1186 | D:3      | Slain by a gnoll

Skill      XL: |  1  2  3 |
---------------+----------+-----
Poison Magic   | 4 |  4.6
Stealth        | 3 |  3.0
Fighting       | 1 |  1.3
Dodging        | |  2.5
Spellcasting   | |  2.5
Conjurations   | |  1.9
Air Magic      | |  0.7

Action                   |  1- 3 |  4- 6 || total
-------------------------+-------+-------++-------
Melee: Club              |    29 |       ||    29
       Tentacles         |    10 |     1 ||    11
       Unarmed           |     2 |       ||     2
       Constrict         |    10 |     1 ||    11
       Dagger            |     6 |     5 ||    11
       Short sword       |     5 |       ||     5
 Cast: Sting             |    35 |     3 ||    38
       Poisonous Vapours |     9 |     1 ||    10
  Use: Scroll            |     4 |       ||     4
 Stab: Sleeping          |     3 |       ||     3
  Eat: Chunk             |     2 |       ||     2
Armor: Skin              |     2 |       ||     2
Dodge: Dodged            |    28 |     7 ||    35
